 Dungeon Crawl Stone Soup version 0.26-a0-854-gdc81c2f471 (webtiles) character file.

Game seed: 3897330088720411634

106 iamoutofideas the Covert (level 4, -12/41 HPs)
             Began as a Gnoll Delver on Nov 23, 2020.
             Was an Initiate of Gozag.
             Mangled by an ogre
             ... wielding a +0 giant spiked club
              (19 damage)
             ... on level 5 of the Dungeon.
             The game lasted 00:00:56 (691 turns).

iamoutofideas the Covert (Gnoll Delver)              Turns: 691, Time: 00:00:57

Health: -12/41     AC:  3    Str: 16    XL:     4   Next: 84%
Magic:  5/5        EV: 14    Int: 12    God:    Gozag
Gold:   8          SH:  0    Dex: 16    Spells: 5/5 levels left

rFire    . . .     SeeInvis .   a - +0 hand axe
rCold    . . .     Faith    .   (no shield)
rNeg     . . .     Spirit   .   b - +0 leather armour
rPois    .         Reflect  .   (no helmet)
rElec    .         Harm     .   (no cloak)
rCorr    .         Rampage  .   (no gloves)
MR       .....                  (no boots)
Stlth    ++++......             (no amulet)
HPRegen  0.13/turn              (no ring)
MPRegen  0.09/turn              (no ring)

@: gold aura
A: distributed training, fangs 1, strong nose
a: Potion Petition, Call Merchant, Bribe Branch, Renounce Religion


You were on level 5 of the Dungeon.
You worshipped Gozag.
Gozag was noncommittal.
You visited 2 branches of the dungeon, and saw 3 of its levels.

You collected 15 gold pieces.
You paid 7 gold pieces to Gozag.

Inventory:

Hand Weapons
 a - a +0 hand axe (weapon)
Armour
 b - a +0 leather armour (worn)
Wands
 g - a wand of digging (3)
Scrolls
 c - a scroll of fog
 d - a scroll of magic mapping
 e - a scroll of fear
 h - a scroll of enchant weapon {unknown}
 j - a scroll of teleportation {unknown}
Potions
 f - a potion of heal wounds {unknown}


   Skills:
 + Level 6.6 Fighting
 + Level 1.2 Short Blades
 + Level 1.2 Long Blades
 + Level 4.7 Axes
 + Level 1.2 Maces & Flails
 + Level 1.2 Polearms
 + Level 1.2 Staves
 + Level 1.2 Slings
 + Level 1.2 Bows
 + Level 1.2 Crossbows
 + Level 1.2 Throwing
 + Level 1.2 Armour
 + Level 4.7 Dodging
 + Level 9.6 Stealth
 + Level 1.2 Shields
 + Level 1.2 Unarmed Combat
 + Level 1.2 Spellcasting
 + Level 1.0 Conjurations
 + Level 1.0 Hexes
 + Level 1.0 Summonings
 + Level 1.0 Necromancy
 + Level 1.0 Translocations
 + Level 1.0 Transmutations
 + Level 1.0 Fire Magic
 + Level 1.0 Ice Magic
 + Level 1.0 Air Magic
 + Level 1.0 Earth Magic
 + Level 1.0 Poison Magic
 + Level 1.4 Invocations
 + Level 1.2 Evocations


You had 5 spell levels left.
You didn't know any spells.
Your spell library was empty.

Dungeon Overview and Level Annotations

Branches:
Dungeon (6/15)             Temple (1/1) D:5

Altars:
Cheibriados
Dithmenos
Elyvilon
Fedhas
Gozag
Hepliaklqana
Kikubaaqudgha
Makhleb
Nemelex Xobeh
Okawaru
Qazlal
Ru
Sif Muna
Vehumet
Xom
The Shining One
Lugonu


Innate Abilities, Weirdness & Mutations

Your experience applies equally to all skills.
You have very sharp teeth.
Your uncanny sense of smell can sniff out nearby items.


Message History

You completely miss the ogre.
The ogre is heavily wounded.
You hit the adder skeleton. The adder skeleton closely misses you.
The ogre closely misses you.
You hit the ogre.
The ogre is heavily wounded.
You hit the adder skeleton.
You destroy the adder skeleton!
You hit the ogre but do no damage. You bite the ogre.
The ogre is heavily wounded.
The ogre hits you with a +0 giant spiked club!
* * * LOW HITPOINT WARNING * * *
You hit the ogre.
The ogre is severely wounded.
The ogre closely misses you.
You hit the ogre.
The ogre is severely wounded.
The ogre hits you with a +0 giant spiked club!!
You die...
Your body crumbles into a pile of gold.

...O.........##########.##.#.....
########.###.# #....'..♣.. #.#
#.# ####.#..... #O###.## ###...♣.
#.##...# ## ###.... #.##.#.### ..
#.#'... #....#...###.### #..##..
#>.#####.......## #_..###
##...#...@O...... ######.
###.#...$.###... ## #...###.# #
##### ... ##.# #.. ###


You could see an ogre.

Vanquished Creatures
  A bullfrog (D:6)
  A centaur zombie (D:5)
  An adder skeleton (D:5)
  An orc (D:5)
  3 jackals (D:6)
7 creatures vanquished.

Notes
Turn   | Place    | Note
-------+----------+-------------------------------------------
     0 | D:5      | Reached skill level 9 in Stealth
     0 | D:5      | iamoutofideas the Gnoll Delver began the quest for the Orb.
     0 | D:5      | Reached XP level 1. HP: 23/23 MP: 1/1
    10 | D:5      | Found a staircase to the Ecumenical Temple.
    73 | Temple   | Entered the Ecumenical Temple
   181 | Temple   | Became a worshipper of Gozag Ym Sagoz the Greedy
   215 | D:5      | Noticed an ogre
   252 | D:6      | Noticed a bullfrog
   252 | D:6      | Noticed an ogre
   278 | D:6      | Killed a bullfrog
   279 | D:6      | Reached skill level 1 in Short Blades
   279 | D:6      | Reached skill level 1 in Long Blades
   279 | D:6      | Reached skill level 1 in Maces & Flails
   279 | D:6      | Reached skill level 1 in Polearms
   279 | D:6      | Reached skill level 1 in Staves
   279 | D:6      | Reached skill level 1 in Slings
   279 | D:6      | Reached skill level 1 in Bows
   279 | D:6      | Reached skill level 1 in Crossbows
   279 | D:6      | Reached skill level 1 in Throwing
   279 | D:6      | Reached skill level 1 in Armour
   279 | D:6      | Reached skill level 1 in Shields
   279 | D:6      | Reached skill level 1 in Unarmed Combat
   279 | D:6      | Reached skill level 1 in Spellcasting
   279 | D:6      | Reached skill level 1 in Invocations
   279 | D:6      | Reached skill level 1 in Evocations
   279 | D:6      | Reached XP level 2. HP: 8/29 MP: 1/3
   279 | D:6      | Reached XP level 3. HP: 9/35 MP: 1/4
   279 | D:6      | Reached XP level 4. HP: 11/41 MP: 1/5
   542 | D:5      | Found a burning altar of Makhleb.
   547 | D:5      | Found an iron altar of Okawaru.
   554 | D:5      | Found a shimmering altar of Xom.
   559 | D:5      | Found a glowing golden altar of the Shining One.
   570 | D:5      | Found a stormy altar of Qazlal.
   577 | D:5      | Found a blossoming altar of Fedhas.
   582 | D:5      | Found a hazy altar of Hepliaklqana.
   592 | D:5      | Reached skill level 1 in Conjurations
   592 | D:5      | Reached skill level 1 in Hexes
   592 | D:5      | Reached skill level 1 in Summonings
   592 | D:5      | Reached skill level 1 in Necromancy
   592 | D:5      | Reached skill level 1 in Translocations
   592 | D:5      | Reached skill level 1 in Transmutations
   592 | D:5      | Reached skill level 1 in Fire Magic
   592 | D:5      | Reached skill level 1 in Ice Magic
   592 | D:5      | Reached skill level 1 in Air Magic
   592 | D:5      | Reached skill level 1 in Earth Magic
   592 | D:5      | Reached skill level 1 in Poison Magic
   691 | D:5      | Mangled by an ogre

Illustrated notes

Levels and vault maps discovered:
D:5:      layout_loops_ring, grunt_temple_overflow_octagram,
          minmay_temple_entry_grid, serial_shops, shop
D:6:      layout_loops_ring, zin_academy, gammafunk_ghost_nasty_kobolds,
          fedhas_altar_1
Temple:   kb_corrupted_temple

Skill      XL: |  1  2  3  4 |
---------------+-------------+-----
Stealth        | |  9.6
Short Blades   | 1 |  1.2
Long Blades    | 1 |  1.2
Maces & Flails | 1 |  1.2
Polearms       | 1 |  1.2
Staves         | 1 |  1.2
Slings         | 1 |  1.2
Bows           | 1 |  1.2
Crossbows      | 1 |  1.2
Throwing       | 1 |  1.2
Armour         | 1 |  1.2
Shields        | 1 |  1.2
Unarmed Combat | 1 |  1.2
Spellcasting   | 1 |  1.2
Invocations    | 1 |  1.4
Evocations     | 1 |  1.2
Conjurations   | 1 |  1.0
Hexes          | 1 |  1.0
Summonings     | 1 |  1.0
Necromancy     | 1 |  1.0
Translocations | 1 |  1.0
Transmutations | 1 |  1.0
Fire Magic     | 1 |  1.0
Ice Magic      | 1 |  1.0
Air Magic      | 1 |  1.0
Earth Magic    | 1 |  1.0
Poison Magic   | 1 |  1.0
Fighting       | |  6.6
Axes           | |  4.7
Dodging        | |  4.7

Action                   |  1- 3 |  4- 6 || total
-------------------------+-------+-------++-------
Melee: Hand axe          |    16 |    29 ||    45
       Bite              |     1 |     5 ||     6
  Use: Potion            |     3 |       ||     3
 Stab: Sleeping          |     1 |     1 ||     2
Armor: Leather armour    |     3 |     3 ||     6
Dodge: Dodged            |    15 |    22 ||    37

Table legend: (Time is in decaauts)
 A = Elapsed time spent in this place.
 B = Non-inter-level travel time spent in this place.
 C = Inter-level travel time spent in this place.
 D = Time resting spent in this place.
 E = Time spent auto-exploring this place.
 F = Levels seen in this place.
 G = Mean time per level.
                   A        B        C        D        E       F      G
               +--------+--------+--------+--------+--------+-----+--------+
         Total |    681 |    614 |     67 |     34 |    457 |   3 |  227.0 |
       Dungeon |    552 |    522 |     30 |     34 |    366 |   2 |  276.0 |
        Temple |    128 |     92 |     36 |      0 |     91 |   1 |  128.0 |
               +--------+--------+--------+--------+--------+-----+--------+

Top non-repeatable levels by time:
     D:5: 516 daAuts
  Temple: 128 daAuts
     D:6: 36 daAuts
